 Dungeon Crawl Stone Soup version 0.30.1-3-gfc49f6343a (webtiles) character file.

Game seed: 1808579804870350043

476 spardeous the Conjurer (level 6, -4/45 HPs)
             Began as a Demigod Conjurer on Aug 5, 2023.
             Killed by divine providence
             ... invoked by an orc priest
              (13 damage)
             ... on level 4 of the Dungeon.
             The game lasted 00:05:32 (4622 turns).

spardeous the Conjurer (Demigod Conjurer)           Turns: 4622, Time: 00:05:33

Health: -4/45      AC:  9    Str: 17    XL:     6   Next: 54%
Magic:  5/16       EV: 11    Int: 30    God:
Gold:   138        SH:  0    Dex: 18    Spells: 7/14 levels left

rFire   . . .        w - +8 dagger of Siwurch {venom, rElec rPois Str+5 Stlth-}
rCold   . . .        (no shield)
rNeg    . . .        a - +2 ring mail {Will+}
rPois   +            v - +0 helmet
rElec   +            j - +0 cloak
rCorr   .            (no gloves)
SInv    .            (no boots)
Will    +....        (no amulet) Stlth
                     u - +6 ring of dexterity
HPRegen 0.27/turn    s - +6 ring of intelligence
MPRegen 0.15/turn

%: no passive effects
@: no status effects
A: high MP 1, forlorn, divine attributes
a: no special abilities


You were on level 4 of the Dungeon.
You visited 1 branch of the dungeon, and saw 4 of its levels.

You collected 138 gold pieces.

Inventory:

Hand Weapons
 w - the +8 dagger of Siwurch (weapon) {venom, rElec rPois Str+5 Stlth-}
   (You found it on level 4 of the Dungeon)

   Str:       It affects your strength (+5).
   rElec:     It insulates you from electricity.
   rPois:     It protects you from poison.
   Stlth:     It makes you less stealthy.
Armour
 a - a +2 ring mail of willpower (worn)
 j - a +0 cloak (worn)
 k - a +2 robe of positive energy
 v - a +0 helmet (worn)
Magical Staves
 l - a staff of death
Jewellery
 e - a ring of see invisible
 m - an amulet of guardian spirit
 s - a +6 ring of intelligence (right hand)
 u - a +6 ring of dexterity (left hand)
Scrolls
 c - 5 scrolls of identify {unknown}
 d - a scroll of butterflies {unknown}
 f - a scroll of poison {unknown}
 h - 3 scrolls of silence {unknown}
 i - a scroll of teleportation {unknown}
 n - a scroll of immolation {unknown}
 p - a scroll of magic mapping {unknown}
 r - 2 scrolls of enchant weapon {unknown}
 x - a scroll of blinking {unknown}
Potions
 b - a potion of magic
 g - 2 potions of curing
 o - a potion of haste {unknown}
 q - a potion of brilliance {unknown}
 t - 2 potions of flight {unknown}


   Skills:
 - Level 1.7 Dodging
 - Level 1.7 Stealth
 + Level 4.5 Spellcasting
 + Level 5.9 Conjurations


You had 7 spell levels left.
You knew the following spells:

 Your Spells              Type           Power      Damage    Failure   Level
a - Magic Dart            Conj           100%       1d8       1%          1
b - Searing Ray           Conj           84%        2d7       1%          2
c - Iskenderun's Mystic   Conj/Tloc      24%        2d7       32%         4

Your spell library contained the following spells:

 Spells                   Type           Power      Damage    Failure   Level
 Dazzling Flash           Conj/Hex       48%        N/A       10%         3
 Fulminant Prism          Conj/Hex       12%        3d9       32%         4
 Call Canine Familiar     Summ           6%         N/A       34%         3
 Portal Projectile        Hex/Tloc       12%        N/A       34%         3
 Leda's Liquefaction      Hex/Erth       3%         N/A       75%         4
 Lee's Rapid Deconstruct  Erth           3%         3d5*      97%         5
 Statue Form              Tmut/Erth      4%         N/A       100%        6


Dungeon Overview and Level Annotations

Branches:
Dungeon (4/15)
 Temple: D:4-7


Innate Abilities, Weirdness & Mutations

You have an increased reservoir of magic. (+10% MP)
You shall have no god before yourself.
Your divine heritage dramatically boosts your attributes as you level up.


Message History

The orc priest calls down the wrath of Beogh upon you.
Beogh smites you!
You take 10 damage, and have 35/45 hp.
MASSIVE DAMAGE!!
You now have 9/16 mp.
The orc priest mumbles some strange prayers to Beogh against you.
Beogh smites you!
You take 11 damage, and have 24/45 hp.
MASSIVE DAMAGE!!
Casting: Magic Dart (safe; 1% risk of failure)
Confirm with . or Enter, or press ? or * to list all spells.
Aiming: Searing Ray (safe; 1% risk of failure)
Press: ? - help, Shift-Dir - straight line, f/p - orc
Aim: an orc, wielding a +0 hand axe and wearing a +0 chain mail (lightly wounded, 87% to hit)
The searing ray hits the orc.
The orc is moderately wounded.
The searing ray hits the orc priest!
The orc priest is heavily wounded. (Press . to maintain the ray.)
The orc hits you but does no damage.
The orc priest calls down the wrath of Beogh upon you.
Beogh smites you!
* * * LOW HITPOINT WARNING * * *
You take 13 damage, and have 11/45 hp.
MASSIVE DAMAGE!!
You now have 7/16 mp.
The searing ray hits the orc.
You kill the orc!
The searing ray hits the orc priest.
The orc priest is almost dead.
You now have 6/16 mp.
The searing ray hits the orc wizard.
The orc wizard is moderately wounded.
The orc priest invokes the aid of Beogh against you.
Beogh smites you!
* * * LOW HITPOINT WARNING * * *
You take 11 damage, and have 1/45 hp.
MASSIVE DAMAGE!!
The searing ray hits the orc wizard.
The orc wizard is moderately wounded.
You finish channelling your searing ray.
You now have 5/16 mp.
It was a potion of curing.
You feel better.
The orc priest mumbles some strange prayers to Beogh against you.
Beogh smites you!
You die...

.# #.#
##...# o##
#.# #...#
..# #.#
#...# .†##
#.# ##..##
.<.#####..#
#...#
#)........#
##..##
##...≈≈≈..#
##..##
##).≈|≈.##
##..##
#))≈≈≈.#
#o@##
#......#
#.)##
.....#.#
#..#
.###...#
#.o# #
#......#
...# ..# ..


You could see an orc priest and an orc wizard.

Vanquished Creatures
  Sigmund (D:2)
  A bullfrog (D:4)
  An orc priest (D:4)
  A hound (D:3)
  Crazy Yiuf (D:2)
  An iguana (D:3)
  An orc wizard (D:4)
  An adder (D:3)
  3 gnolls (D:3)
  2 dart slugs
  6 orcs
  3 endoplasms
  4 giant cockroaches
  4 hobgoblins
  5 jackals
  6 kobolds
  4 quokkas
  5 ball pythons
  8 bats
  4 frilled lizards
  7 goblins
69 creatures vanquished.

Notes
Turn   | Place    | Note
-------+----------+-------------------------------------------
     0 | D:1      | spardeous the Demigod Conjurer began the quest for the Orb.
     0 | D:1      | Reached XP level 1. HP: 14/14 MP: 5/5
   262 | D:1      | Reached XP level 2. HP: 20/20 MP: 5/7
   607 | D:1      | Reached skill level 4 in Conjurations
  1010 | D:1      | Learned a level 2 spell: Searing Ray
  1662 | D:2      | Found a runed translucent door.
  1793 | D:2      | Noticed Sigmund
  1798 | D:2      | Killed Sigmund
  1799 | D:2      | Reached skill level 5 in Conjurations
  1799 | D:2      | Reached XP level 3. HP: 22/26 MP: 2/10
  1799 | D:2      | Reached XP level 4. HP: 28/33 MP: 2/12
  1799 | D:2      | Reached XP level 5. HP: 32/38 MP: 2/13
  2263 | D:2      | Noticed Crazy Yiuf
  2652 | D:2      | Killed Crazy Yiuf
  3541 | D:3      | Reached XP level 6. HP: 39/45 MP: 8/15
  4115 | D:3      | Learned a level 4 spell: Iskenderun's Mystic Blast
  4474 | D:4      | Identified the +8 dagger of Siwurch {venom, rElec rPois
                  | Str+5 Stlth-}
  4620 | D:4      | HP: 1/45 [orc priest/divine providence (11)]
  4622 | D:4      | Killed from afar by an orc priest

Illustrated notes

Levels and vault maps discovered:
D:1:      roderic_crop_circles_arrival_small, layout_basic,
          hellmonk_ecumenical_altar_dog_temple, serial_forest,
          infiniplex_forest_side_room, infiniplex_forest_clump_diagonal,
          infiniplex_forest_corner_2, infiniplex_forest_lined_1,
          infiniplex_forest_fountain, infiniplex_forest_straight_4,
          infiniplex_forest_clump_double
D:2:      layout_loops_ring, basic_altar, uniq_sigmund, uniq_crazy_yiuf_cottage
D:3:      layout_loops_corners, kennysheep_orc_sif_temple
D:4:      layout_layer_cave, serial_shops, shop, serial_rivers,
          chequers_serial_rivers_micro_c, chequers_serial_rivers_micro_d,
          chequers_serial_rivers_small_b, chequers_serial_rivers_small_b,
          chequers_serial_rivers_micro_d, corexii_item_surrounded_by_moat

Skill      XL: |  1  2  3  4  5 |
---------------+----------------+-----
Spellcasting   | 2 3 4 |  4.5
Conjurations   | 5 |  5.9
Dodging        | |  1.7
Stealth        | |  1.7

Action                     |  1- 3 |  4- 6 || total
---------------------------+-------+-------++-------
  Melee: Unarmed           |    66 |       ||    66
         Punch             |     1 |       ||     1
   Cast: Magic Dart        |    59 |    62 ||   121
         Searing Ray       |     1 |    10 ||    11
    Use: Potion            |       |     1 ||     1
 Armour: Robe              |     9 |     2 ||    11
         Ring mail         |       |     5 ||     5
  Dodge: Dodged            |    30 |     6 ||    36
